 Dungeon Crawl Stone Soup version 0.20-a0-864-g92acfd1 (console) character file.

137 hittembot the Shield-Bearer (level 5, 0/32 HPs)
             Began as a Gargoyle Fighter on Mar 12, 2017.
             Slain by an orc (1 damage)
             ... on level 3 of the Dungeon.
             The game lasted 00:02:48 (2601 turns).

hittembot the Shield-Bearer (Gargoyle Fighter)      Turns: 2601, Time: 00:02:50

Health: 0/32       AC: 11    Str: 20    XL:     5   Next: 20%
Magic:  5/5        EV:  7    Int:  9    God:
Gold:   129        SH:  9    Dex:  9    Spells: 4/4 levels left

rFire    . . .     SeeInvis .   a - +0 flail
rCold    . . .     Gourm    .   b - +0 scale mail
rNeg     + . .     Faith    .   c - +0 shield
rPois    ∞         Spirit   .   (no helmet)
rElec    +         Reflect  .   (no cloak)
rCorr    .         Harm     .   (no gloves)
MR       .....                  (no boots)
Stlth    ..........             (no amulet)
Regen    0.1/turn               (no ring)
MPRegen  0.1/turn               (no ring)

@: no status effects
A: negative energy resistance 1, electricity resistance, unbreathing,
petrification resistance, rot immunity, AC +4
a: no special abilities


You were on level 3 of the Dungeon.
You were not hungry.

You visited 1 branch of the dungeon, and saw 3 of its levels.

You collected 129 gold pieces.

Inventory:

Hand Weapons
 a - a +0 flail (weapon)
Armour
 b - a +0 scale mail (worn)
 c - a +0 shield (worn)
Jewellery
 h - an uncursed ring of magical power {unknown}
Scrolls
 e - a scroll of immolation {unknown}
 f - 2 scrolls of magic mapping {unknown}
 i - a scroll of identify {unknown}
 j - 2 scrolls of remove curse {unknown}
 k - a scroll of teleportation {unknown}
 p - a scroll of fog {unknown}
 r - a scroll of recharging {unknown}
Potions
 d - a potion of might
 l - 2 potions of agility {unknown}
 m - a potion of lignification {unknown}
 s - a potion of ambrosia {unknown}
Comestibles
 g - a meat ration
 n - 2 bread rations
 o - a fruit
 q - 10 chunks of flesh


   Skills:
 + Level 3.5 Fighting
 + Level 3.4 Maces & Flails
 + Level 4.1 Armour
 + Level 0.5 Dodging
 + Level 4.4 Shields


You had 4 spell levels left.
You didn't know any spells.

Dungeon Overview and Level Annotations

Branches:
Dungeon (3/15)

Altars:


Innate Abilities, Weirdness & Mutations

You are resistant to torment.
Your stone body is resilient. (AC +4)
You are immune to poison.
You resist negative energy. (rN+)
You are resistant to electric shocks. (rElec)
You can survive without breathing.
You are immune to petrification.
You are immune to rotting.


Message History

Your shield and scale mail prevent you from hitting the orc.
You block the orc's attack.
You hit the orc.
The orc is heavily wounded.
The orc priest calls down the wrath of Beogh upon you.
Beogh smites you! The orc hits you with a mace.
You barely miss the orc.
The orc is heavily wounded.
You block the orc's attack.
You sock the orc!
You kill the orc!
You barely miss the orc. The orc hits you but does no damage.
An orc comes into view. It is wielding a club.
You barely miss the orc.
The orc shouts!
The orc priest mumbles some strange prayers to Beogh against you.
Beogh smites you!
* * * LOW HITPOINT WARNING * * *
You block the orc's attack. The orc hits you.
You die...

#.##.############...##
#..................##
####.#############.#
#.# #.# #.# #.. #>#
#### #.# #.######
#.@oooo# ######.#


You could see an orc priest and 3 orcs.

Vanquished Creatures
  2 gnolls (D:1)
  5 adders (D:2)
  6 worms
  A dart slug (D:1)
  3 leopard geckos
  2 orcs (D:3)
  6 bats
  2 giant cockroaches (D:3)
  5 goblins
  2 hobgoblins
  2 quokkas
  2 frilled lizards (D:3)
  6 kobolds
  10 rats
54 creatures vanquished.

Notes
Turn   | Place    | Note
-------+----------+-------------------------------------------
     0 | D:1      | hittembot the Gargoyle Fighter began the quest for the Orb.
     0 | D:1      | Reached XP level 1. HP: 14/14 MP: 1/1
   367 | D:1      | Reached XP level 2. HP: 17/19 MP: 2/2
   618 | D:1      | Reached XP level 3. HP: 23/23 MP: 3/3
  1465 | D:2      | Reached XP level 4. HP: 22/28 MP: 4/4
  2204 | D:3      | Reached XP level 5. HP: 29/32 MP: 5/5
  2601 | D:3      | HP: 1/32 [orc priest/divine providence (14)]
  2601 | D:3      | Slain by an orc

Vault maps used:
D:1:      elethiomel_arrival_diamonds
D:2:      first_bread, grunt_decor_cap, minivault_11

Skill      XL: |  1  2  3  4 |
---------------+-------------+-----
Shields        | 4 |  4.4
Maces & Flails | 3 |  3.4
Armour         | 4 |  4.1
Fighting       | |  3.5
Dodging        | |  0.5

Action                   |  1- 3 |  4- 6 || total
-------------------------+-------+-------++-------
Melee: Flail             |   114 |   119 ||   233
  Eat: Bread ration      |     1 |       ||     1
       Chunk             |       |     1 ||     1
Armor: Scale mail        |    82 |    53 ||   135
Dodge: Dodged            |    52 |    34 ||    86
Block: Shield            |    76 |    55 ||   131
